 Seeded DCSS version 0.29-a0-298-g3c90f9a (webtiles) character file.

Game seed: 5136069808761854845 (custom seed)

49 Illumine the Digger (level 4, 24/24 HPs)
             Began as a Kobold Earth Elementalist on Mar 16, 2022.
             Quit the game on level 2 of the Dungeon on Mar 22, 2022.
             The game lasted 00:03:17 (2155 turns).

Illumine the Digger (Kobold Earth Elementalist)     Turns: 2155, Time: 00:03:17

Health: 24/24      AC:  4    Str:  7    XL:     4   Next: 1%
Magic:  8/8        EV: 15    Int: 16    God:
Gold:   20         SH:  0    Dex: 15    Spells: 5/9 levels left

rFire   . . .      SeeInvis .   i - +4 short sword
rCold   . . .      Faith    .   (no shield)
rNeg    . . .      Spirit   .   b - +0 robe
rPois   .          Reflect  .   q - +0 helmet
rElec   .          Harm     .   (no cloak)
rCorr   .          Rampage  .   j - +0 pair of gloves
Will    .....                   (no boots)
Stlth   +++.......              (no amulet)
HPRegen 0.08/turn               (no ring)
MPRegen 0.11/turn               (no ring)

@: no status effects
A: small, no large weapons, nightstalker 3
a: no special abilities


You were on level 2 of the Dungeon.
You visited 1 branch of the dungeon, and saw 2 of its levels.

You collected 20 gold pieces.

Inventory:

Hand Weapons
 i - a +4 short sword (weapon)
Missiles
 a - 35 stones
Armour
 b - a +0 robe (worn)
 j - a +0 pair of gloves (worn)
 q - a +0 helmet (worn)
Scrolls
 e - 3 scrolls of fear {unknown}
 f - a scroll of summoning {unknown}
 h - 4 scrolls of identify {unknown}
 k - a scroll of fog {unknown}
 l - a scroll of vulnerability {unknown}
 p - a scroll of brand weapon {unknown}
Potions
 c - a potion of magic
 d - a potion of attraction {unknown}
 g - 5 potions of curing {unknown}
 m - a potion of flight {unknown}
 n - a potion of might {unknown}
 o - 2 potions of invisibility {unknown}


   Skills:
 + Level 1.9 Short Blades
 - Level 2.4 Dodging
 - Level 2.6 Stealth
 + Level 3.0 Spellcasting
 - Level 1.0 Transmutations
 + Level 3.6 Earth Magic


You had 5 spell levels left.
You knew the following spells:

 Your Spells              Type           Power      Damage    Failure   Level
a - Sandblast             Erth           28%        2d8       4%          1
b - Stone Arrow           Conj/Erth      16%        3d8       26%         3

Your spell library contained the following spells:

 Spells                   Type           Power      Damage    Failure   Level
 Passwall                 Tmut/Erth      7%         N/A       11%         2
 Beastly Appendage        Tmut           10%        N/A       12%         1
 Wereblood                Tmut           5%         N/A       19%         2
 Spider Form              Tmut/Pois      4%         N/A       41%         3
 Petrify                  Tmut/Erth      9%         N/A       56%         4


Dungeon Overview and Level Annotations

Branches:
Dungeon (2/15)

Altars:


Innate Abilities, Weirdness & Mutations

You are small and have problems with some larger weapons.
You are completely attuned to the shadows.


Message History

Press: ? - help, Shift-Dir - straight line, f/p - worm
Aim: a worm (heavily wounded, 93% to hit)
The blast of sand hits the worm.
The worm is severely wounded.
Casting: Sandblast (safe; 4% risk of failure)
Confirm with . or Enter, or press ? or * to list all spells.
Aiming: Sandblast (safe; 4% risk of failure)
Press: ? - help, Shift-Dir - straight line, f/p - worm
Aim: a worm (severely wounded, 93% to hit)
You miscast Sandblast.
You are very lightly contaminated with residual magic.
Nothing appears to happen.
You hit the worm.
The worm is severely wounded.
The worm closely misses you.
You puncture the worm!
You kill the worm!
You have reached level 4!
You start resting.
Your magical contamination has completely faded away.
Magic restored.
You see here a worm corpse.
A hobgoblin comes into view.
Okay, then.
You see here a worm corpse.
This spell is extremely dangerous to cast!
Memorise Stone Arrow, consuming 3 spell levels and leaving 5?
You start memorising the spell.
You continue memorising. x3
You finish memorising.
Spell assigned to 'b'.
Save game and exit? [Y]es or [N]o only, please.
Save game and exit?
Welcome back, Illumine the Kobold Earth Elementalist.
Game seed: 5136069808761854845 (custom seed) Press ? for a list of commands and other information.
Save game and exit?
Welcome back, Illumine the Kobold Earth Elementalist.
Game seed: 5136069808761854845 (custom seed) Press ? for a list of commands and other information.
Are you sure you want to abandon this character and quit the game? (Confirm with "yes".)

.# #.# #.♣.≈P ##
#.# ##.≈..≈ # #.#
#.P≈≈≈g # #.###
#.P$≈≈≈ # #...#
###..≈≈≈≈
############.#
###.....≈≈≈
.#.......# #.#
#†....♣≈.≈≈
...#####.###.#
#.####..≈≈.
...####...##.###@#
..≈.≈
...+.............#
#.♣
...###....######.#
...# #.#.## #.#
.#.###.#.# #..
##.......# ####
######.### #)# #.#


There were no monsters in sight!

Vanquished Creatures
  An adder (D:2)
  2 worms
  5 ball pythons
  4 endoplasms
  2 giant cockroaches
  2 goblins
  A hobgoblin (D:2)
  A quokka (D:1)
  7 bats
  2 frilled lizards (D:1)
  4 kobolds (D:1)
  A rat (D:2)
32 creatures vanquished.

Notes
Turn   | Place    | Note
-------+----------+-------------------------------------------
     0 | D:1      | Illumine the Kobold Earth Elementalist began the quest for
                  | the Orb.
     0 | D:1      | Reached XP level 1. HP: 10/10 MP: 3/3
   230 | D:1      | Reached XP level 2. HP: 14/15 MP: 3/5
   629 | D:1      | Reached skill level 1 in Short Blades
   906 | D:1      | Found a faded altar of an unknown god.
  1047 | D:1      | Reached XP level 3. HP: 19/19 MP: 7/7
  2096 | D:2      | Reached XP level 4. HP: 24/24 MP: 3/8
  2155 | D:2      | Learned a level 3 spell: Stone Arrow
  2155 | D:2      | Upgraded the game from 0.29-a0-286-g41199d4 to
                  | 0.29-a0-298-g3c90f9a
  2155 | D:2      | Quit the game

Illustrated notes

Levels and vault maps discovered:
D:1:      mushboom_english_gardens, layout_loops_corners,
          shapermc_ecumenical_altar_pompeii, nicolae_wormholes
D:2:      layout_loops_corners, basic_altar, serial_bayou_pond_b

Skill      XL: |  1  2  3 |
---------------+----------+-----
Short Blades   | 1 |  1.9
Spellcasting   | 3 |  3.0
Dodging        | |  2.4
Stealth        | |  2.6
Transmutations | |  1.0
Earth Magic    | |  3.6

Action                   |  1- 3 |  4- 6 || total
-------------------------+-------+-------++-------
Melee: Short sword       |    56 |       ||    56
 Cast: Sandblast         |    18 |       ||    18
 Stab: Sleeping          |    11 |       ||    11
Armor: Robe              |    16 |       ||    16
Dodge: Dodged            |    49 |       ||    49

Table legend: (Time is in decaauts)
 A = Elapsed time spent in this place.
 B = Non-inter-level travel time spent in this place.
 C = Inter-level travel time spent in this place.
 D = Time resting spent in this place.
 E = Time spent auto-exploring this place.
 F = Levels seen in this place.
 G = Mean time per level.
                   A        B        C        D        E       F      G
               +--------+--------+--------+--------+--------+-----+--------+
         Total |   2156 |   2119 |     37 |     41 |   1803 |   2 | 1078.0 |
       Dungeon |   2156 |   2119 |     37 |     41 |   1803 |   2 | 1078.0 |
               +--------+--------+--------+--------+--------+-----+--------+

Top non-repeatable levels by time:
     D:1: 1507 daAuts
     D:2: 649 daAuts
